 Dungeon Sprint DCSS version 0.32-a0-350-g4f4d228785 (webtiles) character file.

Game seed: 14840047682441611209

4539 rocky1 the Bludgeoner (level 10, -8/104 HPs)
             Began as a Mountain Dwarf Fighter on Feb 18, 2024.
             Was a High Priest of Okawaru.
             Killed from afar by a hell hog (52 damage)
             ... with a fireball
             ... in the Dungeon (Sprint VII: "The Pits").
             The game lasted 00:06:11 (2229 turns).

rocky1 the Bludgeoner (Mountain Dwarf Fighter)      Turns: 2229, Time: 00:06:12

Health: -8/104     AC: 27    Str: 25    XL:     10   Next: 17%
Magic:  16/16      EV:  8    Int: 13    God:    Okawaru [*****.]
Gold:   0          SH:  6    Dex:  9    Spells: 14/14 levels left

rFire   . . .        b - +2 morningstar (protect)
rCold   . . .        c - +0 buckler
rNeg    . . .        v - +3 plate armour
rPois   .            t - +0 helmet
rElec   .            (no cloak)
rCorr   .            u - +0 pair of gloves
SInv    .            (no boots)
Will    +....        (no amulet) Stlth
                     q - +3 ring of strength
HPRegen 0.37/turn    p - +3 ring of intelligence
MPRegen 0.15/turn

%: no teleportation
@: under a protective aura, fragile (+50% incoming damage), invisible
A: runic magic, artefact enchanting
a: Renounce Religion, Heroism, Finesse


You were in the Dungeon.
You worshipped Okawaru.
Okawaru was extremely pleased with you.
You visited 1 branch

Inventory:

Hand Weapons
 a - a +0 flail
 b - a +2 morningstar of protection (weapon)
 n - a +1 broad axe of freezing
Armour
 c - a +0 buckler (worn)
 t - a +0 helmet (worn)
 u - a +0 pair of gloves (worn)
 v - a +3 plate armour (worn)
Jewellery
 p - a +3 ring of intelligence (right hand)
 q - a +3 ring of strength (left hand)
Scrolls
 j - a scroll of blinking
 l - 2 scrolls of vulnerability
 m - 5 scrolls of amnesia
Potions
 d - a potion of might
 e - 6 potions of curing
 f - 6 potions of heal wounds
 g - 2 potions of haste
 h - 4 potions of magic
 i - 5 potions of berserk rage
 k - a potion of invisibility
 r - a potion of brilliance
 s - 2 potions of mutation


   Skills:
 * Level 14.6 Fighting
 * Level 15.5 Maces & Flails
 + Level 10.9 Armour
 - Level 2.2 Dodging
 + Level 10.9 Shields
 - Level 2.5 Spellcasting
 - Level 9.1 Invocations


You had 14 spell levels left.
You didn't know any spells.
Your spell library was empty.

Dungeon Overview and Level Annotations

Branches:
Dungeon (1/1)

Altars:
Ashenzari
Cheibriados
Dithmenos
Elyvilon
Fedhas
Gozag
Hepliaklqana
Kikubaaqudgha
Makhleb
Nemelex Xobeh
Okawaru
Qazlal
Ru
Sif Muna
Trog
Uskayaw
Vehumet
Wu Jian
Xom
Yredelemnul
Zin
The Shining One
Beogh
Jiyva
Lugonu


Innate Abilities, Weirdness & Mutations

Your spellcasting is much less encumbered by armour.
You can use scrolls of enchantment on lesser artefacts.


Message History

The fireball explodes!
The fireball engulfs you!!
The fireball engulfs the hell hog.
The hell hog completely resists.
You are too injured to fight recklessly!
You are too injured to fight recklessly!
You are too injured to fight recklessly!
You are too injured to fight recklessly!
You strike the helpless hell hog from behind!
You hit the hell hog.
The hell hog is lightly wounded.
The hell hog closely misses you.
You puncture the hell hog!
The hell hog is lightly wounded.
The hell hog closely misses you.
You closely miss the hell hog.
The hell hog is lightly wounded.
The hell hog bites you!
You barely miss the hell hog.
The hell hog is lightly wounded.
The hell hog bites you but does no damage.
You puncture the hell hog!
The hell hog is moderately wounded.
The hell hog breathes fire at you.
The fireball explodes!
The fireball engulfs you!!
* * * LOW HITPOINT WARNING * * *
The fireball engulfs the hell hog.
The hell hog completely resists.
The hell hog bites you but does no damage.
You feel much better.
The hell hog bites you but does no damage.
Unknown command.
You barely miss the hell hog.
The hell hog is moderately wounded.
You block the hell hog's attack.
You feel much better. You block the hell hog's attack.
Unknown command.
You puncture the hell hog!
The hell hog is severely wounded.
The hell hog breathes fire at you.
The fireball explodes!
The fireball engulfs you!!
Ouch! That really hurt!
You die...

.............+
.............+
...#..#......#
.............#
'#####''######
....##††################
....##..#..............#
....##..##.....†.h......
<...##..#### #@#
....##.)#..#####.##
....##..#....##...#
....##..'.....#...#
######..'.....'...+
######..'.....#...#
..[.##..#....##...#
...[##..#..#####.##
..).##..#### #+#


You could see a hell hog (unable to see you, catching breath).

Vanquished Creatures
  3 hell hogs (D)
  A merfolk siren (D)
  A manticore (D)
  A rime drake (D)
  A polar bear (D)
  3 dream sheep (D)
  2 glass eyes (D)
  A shadow (D)
  A steam dragon (D)
  A water moccasin (D)
  A black bear (D)
  A laughing skull (D)
  A bullfrog (D)
  A quasit (D)
  A hound (D)
  A jelly (D)
  An orc priest (D)
  An ufetubus (D)
  2 adder zombies (D)
  A ribbon worm (D)
  A dart slug (D)
  An orc (D)
  A ball python (D)
  A giant cockroach (D)
  2 goblins (D)
  2 kobolds (D)
  A quokka (D)
  A ball python skeleton (D)
  A frilled lizard (D)
37 creatures vanquished.

Vanquished Creatures (others)
  2 dream sheep (D)
2 creatures vanquished.

Grand Total: 39 creatures vanquished

Notes
Turn   | Place    | Note
-------+----------+-------------------------------------------
     0 | D        | rocky1 the Mountain Dwarf Fighter began the quest for the
                  | Orb.
     0 | D        | Reached XP level 1. HP: 19/19 MP: 1/1
    19 | D        | Found a bloodstained altar of Trog.
    19 | D        | Found a shimmering blue altar of Sif Muna.
    19 | D        | Found a viscous altar of Jiyva.
    19 | D        | Found a hazy altar of Hepliaklqana.
    19 | D        | Found an opulent altar of Gozag.
    20 | D        | Found a glowing golden altar of the Shining One.
    20 | D        | Found a glowing silver altar of Zin.
    20 | D        | Found a basalt altar of Yredelemnul.
    20 | D        | Found a shimmering altar of Xom.
    20 | D        | Found an ornate altar of the Wu Jian Council.
    20 | D        | Found a sacrificial altar of Ru.
    20 | D        | Found a stormy altar of Qazlal.
    20 | D        | Found an iron altar of Okawaru.
    20 | D        | Found a sparkling altar of Nemelex Xobeh.
    20 | D        | Found a burning altar of Makhleb.
    20 | D        | Found a blossoming altar of Fedhas.
    20 | D        | Found a white marble altar of Elyvilon.
    20 | D        | Found a shadowy altar of Dithmenos.
    20 | D        | Found a snail-covered altar of Cheibriados.
    23 | D        | Found a corrupted altar of Lugonu.
    23 | D        | Found a radiant altar of Vehumet.
    23 | D        | Found a roughly hewn altar of Beogh.
    24 | D        | Found an ancient bone altar of Kikubaaqudgha.
    24 | D        | Found a hide-covered altar of Uskayaw.
    24 | D        | Found a broken altar of Ashenzari.
    28 | D        | Became a worshipper of Warmaster Okawaru
    67 | D        | Reached skill level 3 in Maces & Flails
    80 | D        | Reached XP level 2. HP: 25/27 MP: 2/2
    83 | D        | Reached skill level 1 in Invocations
   194 | D        | Noticed a glass eye
   213 | D        | Killed a glass eye
   213 | D        | Reached * piety under Okawaru
   213 | D        | Reached ** piety under Okawaru
   214 | D        | Reached skill level 6 in Maces & Flails
   214 | D        | Reached skill level 5 in Armour
   214 | D        | Reached skill level 5 in Shields
   214 | D        | Reached XP level 3. HP: 38/38 MP: 2/6
   214 | D        | Reached XP level 4. HP: 45/45 MP: 2/7
   214 | D        | Reached XP level 5. HP: 51/51 MP: 2/8
   457 | D        | Reached skill level 7 in Maces & Flails
   478 | D        | Reached skill level 5 in Invocations
   478 | D        | Reached XP level 6. HP: 52/60 MP: 9/9
   677 | D        | Reached skill level 8 in Maces & Flails
   710 | D        | Reached skill level 9 in Maces & Flails
   753 | D        | Reached XP level 7. HP: 5/70 MP: 8/11
  1268 | D        | Reached *** piety under Okawaru
  1494 | D        | Noticed a polar bear
  1494 | D        | Noticed a steam dragon
  1513 | D        | Killed a steam dragon
  1514 | D        | Reached skill level 10 in Maces & Flails
  1525 | D        | Killed a polar bear
  1526 | D        | Reached skill level 10 in Fighting
  2002 | D        | Noticed a merfolk siren
  2002 | D        | Noticed a manticore
  2016 | D        | Reached XP level 8. HP: 72/80 MP: 10/14
  2022 | D        | Killed a manticore
  2022 | D        | Reached **** piety under Okawaru
  2023 | D        | Reached skill level 11 in Maces & Flails
  2031 | D        | Killed a merfolk siren
  2032 | D        | Reached skill level 12 in Maces & Flails
  2176 | D        | Noticed a dream sheep
  2176 | D        | Noticed a dream sheep
  2176 | D        | Noticed a dream sheep
  2177 | D        | Noticed a rime drake
  2178 | D        | Noticed a hell hog
  2180 | D        | Killed a dream sheep
  2182 | D        | Noticed a hell hog
  2183 | D        | Noticed a hell hog
  2184 | D        | Killed a dream sheep
  2185 | D        | Reached XP level 9. HP: 66/90 MP: 12/15
  2185 | D        | Noticed a hell hog
  2190 | D        | Killed a hell hog
  2190 | D        | Reached ***** piety under Okawaru
  2191 | D        | Reached skill level 13 in Maces & Flails
  2195 | D        | Reached skill level 14 in Maces & Flails
  2195 | D        | Reached skill level 10 in Armour
  2202 | D        | Killed a hell hog
  2202 | D        | Received a gift from Okawaru
  2203 | D        | Reached skill level 10 in Shields
  2214 | D        | Killed a rime drake
  2220 | D        | Reached skill level 15 in Maces & Flails
  2220 | D        | Reached XP level 10. HP: 82/103 MP: 16/16
  2220 | D        | Killed a hell hog
  2225 | D        | HP: 1/104 [hell hog/fireball (34)]
  2229 | D        | Killed from afar by a hell hog

Illustrated notes

Levels and vault maps discovered:
D:        pitsprint [storerooms_1, entrance_room_1, metal_vault_1, armoury_2,
          mini_pit_1, grid_room_1, main_hall_1, silver_pit, the_coven_3,
          the_vestibule_1, steel_vault_3, golden_pit, hallway_of_sentries,
          crystal_vault_1, iron_vault_1, final_vault]

Skill      XL: |  1  2  3  4  5  6  7  8  9 |
---------------+----------------------------+-----
Fighting       | 4 6 7 9 10 12 14 | 14.6
Maces & Flails | 3 6 7 9 10 12 15 | 15.5
Armour         | 5 6 7 8 9 10 | 10.9
Shields        | 5 7 8 9 10 | 10.9
Invocations    | 4 5 6 8 9 |  9.1
Dodging        | 2 |  2.2
Spellcasting   | 2 |  2.5

Action                     |  1- 3 |  4- 6 |  7- 9 | 10-12 || total
---------------------------+-------+-------+-------+-------++-------
  Melee: Flail             |    30 |    67 |    45 |       ||   142
         Morningstar       |       |       |    56 |     8 ||    64
 Invoke: Heroism           |       |     2 |     3 |       ||     5
    Use: Potion            |       |     1 |     2 |     2 ||     5
   Stab: Invisible         |       |       |    10 |     1 ||    11
 Armour: Scale mail        |     6 |     2 |       |       ||     8
         Plate armour      |       |   106 |    60 |     7 ||   173
  Dodge: Dodged            |     5 |    44 |    32 |     2 ||    83
  Block: Buckler           |     1 |    27 |    23 |     2 ||    53

Table legend: (Time is in decaauts)
 A = Elapsed time spent in this place.
 B = Non-inter-level travel time spent in this place.
 C = Inter-level travel time spent in this place.
 D = Time resting spent in this place.
 E = Time spent auto-exploring this place.
 F = Levels seen in this place.
 G = Mean time per level.
                   A        B        C        D        E       F      G
               +--------+--------+--------+--------+--------+-----+--------+
         Total |   2208 |   2143 |     65 |   1648 |      0 |   1 | 2208.0 |
       Dungeon |   2208 |   2143 |     65 |   1648 |      0 |   1 | 2208.0 |
               +--------+--------+--------+--------+--------+-----+--------+

Top non-repeatable levels by time:
       D: 2208 daAuts
